[Event "MČR juniorů a juniorek v rapid šachu 2023"]
[Site "Czech Republic"]
[Date "2023.09.23"]
[Round "1.27"]
[White "Krajicek, Matthew"]
[Black "Rybacek, Martin"]
[Result "0-1"]
[TimeControl "20 min + 5 sec per move"]
[WhiteFideId "23740175"]
[BlackFideId "23739266"]
[WhiteElo "1283"]
[BlackElo "1755"]

1. d4 Nf6 2. Bf4 d5 3. Nf3 g6 4. e3 Bg7 5. Bd3 O-O 6. O-O c5 7. c3 Nc6 8. Nbd2 Nd7 9. Re1 e5 10.
dxe5 Ndxe5 11. Nxe5 Nxe5 12. Bc2 Bg4 13. f3 Be6 14. e4 d4 15. cxd4 Qxd4+ 16. Be3 Qxb2 17. Rb1 Qxa2 18. Rxb7 Rab8 19. Rxb8 Rxb8 20. Bxc5 Rb2 0-1

[Event "MČR juniorů a juniorek v rapid šachu 2023"]
[Site "Czech Republic"]
[Date "2023.09.23"]
[Round "1.29"]
[White "Macova, Marketa"]
[Black "Strnadova, Monika"]
[Result "0-1"]
[TimeControl "20 min + 5 sec per move"]
[WhiteFideId "23715588"]
[BlackFideId "23701668"]
[WhiteElo "1228"]
[BlackElo "1728"]

1. e4 c5 2. Nf3 Nc6 3. Bc4 g6 4.
Nc3 Bg7 5. d3 Nf6 6. Bg5 O-O 7.
O-O d6 8. h3 Bd7 9. Re1 a6 10.
a4 Rc8 11. Qe2 Ne8 12. Qd2 Nf6 13. Bh6 Nd4 14. Nh4 Bxh6 15. Qxh6 Be6 16. Bxe6 fxe6 17. Rac1 Qe8 18. e5 dxe5 19.
Rxe5 Qf7 20. Qe3 b5 21. axb5 axb5 22. Ne2 Nd5 23. Rxd5 Nxe2+ 24. Qxe2 exd5 25. Re1 c4 26. d4 Rc7 27.
Nf3 Ra7 28. Ne5 Qf6 29. c3 Rfa8 30. g3 Ra1 31. Kg2 Rxe1 32. Qxe1 Ra2 33. Qb1 Ra6 34. Qc2 Qf5 35. Qe2 Qe4+ 36.
Qxe4 dxe4 37. f3 exf3+ 38. Kxf3 Ra2 39. Ke4 Rxb2 40. Ke3 Kg7 41. Nc6 Kf6 42. g4 Rh2 43. h4 Rxh4 44. g5+ Kxg5 45. Nxe7 Rh3+ 46. Kd2 Rd3+ 47.
Kc2 h5 48. d5 h4 49. d6 Rxd6 0-1

[Event "MČR juniorů a juniorek v rapid šachu 2023"]
[Site "Czech Republic"]
[Date "2023.09.23"]
[Round "1.31"]
[White "Zadrapova, Gabriela"]
[Black "Novotny, Dominik"]
[Result "0-1"]
[TimeControl "20 min + 5 sec per move"]
[WhiteFideId "23753056"]
[BlackFideId "23755601"]
[WhiteElo "1206"]
[BlackElo "1707"]

1. e4 c6 2. d4 d5 3. exd5 cxd5 4. Nc3 Nf6 5. Nf3 Nc6 6. Bf4 a6 7. Bd3 Bg4 8. Be2 e6 9. O-O Bd6 10.
Bg3 O-O 11. Ne5 Bxe2 12. Nxe2 Ne4 13. Nxc6 bxc6 14. Qd3 Nxg3 15. fxg3 Qb6 16. b3 c5 17. c3 a5 18. Rf2 a4 19.
Rb1 Rab8 20. Rff1 cxd4 21. cxd4 Qa5 22. Qf3 axb3 23. Rxb3 Qxa2 24. Rxb8 Bxb8 25. Nf4 Bxf4 26. Qxf4 Qc4 27.
Rc1 Qd3 28. Rf1 Qe4 29. Qxe4 dxe4 30. Kf2 Rd8 31. Ke3 f5 32.
h3 Kf7 33. g4 Kf6 34. gxf5 exf5 35. g4 g6 36. gxf5 gxf5 37.
Rd1 Rc8 38. d5 Rc3+ 39. Kd4 Rxh3 40. d6 Rd3+ 41. Rxd3 exd3 42. Kxd3 Ke6 43. Ke3 h5 44. Kf3 Kxd6 45. Kg2 Ke5 46. Kg3 Ke4 47. Kh4 f4 48. Kh3 f3 49. Kg3 Ke3 50. Kh3 Ke2 51. Kg3 f2 52. Kh4 f1=Q 53. Kxh5 Qg2 54. Kh6 Qg4 55.
Kh7 Kf3 56. Kh6 Kf4 57. Kh7 Kf5 58. Kh8 Kf6 59. Kh7 Qg7+ 0-1

[Event "MČR juniorů a juniorek v rapid šachu 2023"]
[Site "Czech Republic"]
[Date "2023.09.23"]
[Round "1.32"]
[White "Zadrapa, Jakub"]
[Black "Hosova, Stella"]
[Result "1-0"]
[TimeControl "20 min + 5 sec per move"]
[WhiteFideId "23714778"]
[BlackFideId "23710489"]
[WhiteElo "1696"]
[BlackElo "1164"]

1. e4 c5 2. Nf3 Nc6 3.
d4 cxd4 4. Nxd4 g6 5. c4 Nf6 6.
Nc3 Bg7 7. Be3 O-O 8. Be2 Qb6 9. Qd2 Nxe4 10. Nxe4 Bxd4 11. Bxd4 Qxd4 12. Qxd4 Nxd4 13. Rd1 Nxe2 14. Kxe2 d6 15.
Rd4 b6 16. f3 f5 17. Nc3 Be6 18. Re1 a6 19. Kd2 Kf7 20. b3 Rfc8 21. Rd3 Ra7 22. Rde3 Bxc4 23. bxc4 Rxc4 24. Kd3 Rac7 25.
Rxe7+ Kf6 26. Rxc7 Rxc7 27. Nd5+ 1-0

[Event "MČR juniorů a juniorek v rapid šachu 2023"]
[Site "Czech Republic"]
[Date "2023.09.23"]
[Round "1.34"]
[White "Pejrimovsky, Tadeas Rubel"]
[Black "Martinkovicova, Nela"]
[Result "1-0"]
[TimeControl "20 min + 5 sec per move"]
[WhiteFideId "23709537"]
[BlackFideId "23715596"]
[WhiteElo "1679"]
[BlackElo "1049"]

1. e4 e5 2. d4 exd4 3. Qxd4 Nc6 4. Qe3 Be7 5. Nc3 d6 6. Bd2 Be6 7. O-O-O Nb4 8. a3 Nc6 9. f4 Nf6 10.
h3 Qd7 11. g4 Qd8 12. f5 Bd7 13. Nf3 g6 14. Bc4 Ne5 15. Ba2 Nxf3 16. Qxf3 Bc6 17. g5 Nd7 18. fxg6 Ne5 19. gxf7+ Kf8 20. Qh5 h6 21. Rhg1 Rh7 22.
gxh6 Rh8 23. Rg8+ Rxg8 24. fxg8=Q# 1-0

[Event "MČR juniorů a juniorek v rapid šachu 2023"]
[Site "Czech Republic"]
[Date "2023.09.23"]
[Round "2.1"]
[White "Jun, Rudolf"]
[Black "Pavlis, Matej"]
[Result "1/2-1/2"]
[TimeControl "20 min + 5 sec per move"]
[WhiteFideId "376612"]
[BlackFideId "23735767"]
[WhiteElo "2151"]
[BlackElo "1771"]

1. e4 c5 2. Nf3 d6 3. Bb5+ Bd7 4. Bxd7+ Nxd7 5. O-O Ngf6 6. Re1 Qc7 7. c4 g6 8. Nc3 Bg7 9. b3 a6 10.
Bb2 O-O 11. d4 cxd4 12. Nxd4 e6 13. Qd2 Rad8 14. Rac1 Rfe8 15. a4 Qb6 16. Nb1 e5 17. a5 Qc7 18. Nf3 Nc5 19. Qc2 Qxa5 20.
Bc3 Qc7 21. Rcd1 Qc6 22. Nbd2 Ne6 23. b4 b6 24. Qb3 Nd7 25. Bb2 a5 26. bxa5 bxa5 27. Ba3 Ndc5 28. Qb5 Qc7 29. Qb1 Rb8 30. Qc2 a4 31. Rb1 Bh6 32. Rb5 Bxd2 33. Qxd2 Rxb5 34.
cxb5 Qb6 35. Qe2 Nf4 36. Qe3 Qxb5 37.
g3 Nfe6 38. Rd1 Rd8 39. Qc1 Qb3 40. Bxc5 Nxc5 41. Nxe5 Nxe4 42. Nc6 Rd7 43. Re1 Nf6 44. Qf4 Kg7 45. Nd4 Qd5 46. Nc2 Ra7 47.
Ra1 Qe5 48. Rxa4 Rxa4 49. Qxa4 Qc3 50. Ne3 d5 51. Qc2 d4 52. Qxc3 dxc3 53. Kf1 Ne4 54. Ke2 Kf6 55. f3 Ng5 56. Nd5+ Ke5 57. Nxc3 Kd4 58. Nd1 f5 59. Ne3 Ne6 60. Kf2 Kd3 61. Nd5 h6 62. Ne7 Nf8 63. Nc6 Kc4 64. Ne5+ Kd5 65. Nf7 h5 66. Ng5 Kd4 67.
f4 Kd3 68. Kf3 Kd4 69. Nf7 Kd5 70. Ke3 Ke6 71. Ng5+ Kd5 72. Nf7 Ke6 73. Ng5+ Kd5 74. Nf3 Ne6 75. Ne5 Nf8 76. Nd3 Ne6 77. Nb4+ Kc5 78. Nd3+ Kd5 79. h3 Nf8 80. Nb4+ Kc5 81. Nd3+ Kd5 82. Ne5 Kc5 83. Nf3 Kd5 84. Kd3 Nd7 85.
Nh4 Nf8 86. Ng2 Ne6 87. Ne3+ Kc5 88. Nc4 Kd5 89. Ne5 Nf8 90. h4 Kc5 91. Ke3 1/2-1/2

[Event "MČR juniorů a juniorek v rapid šachu 2023"]
[Site "Czech Republic"]
[Date "2023.09.23"]
[Round "2.2"]
[White "Nagyova, Daniela"]
[Black "Nagy, Ladislav"]
[Result "1/2-1/2"]
[TimeControl "20 min + 5 sec per move"]
[WhiteFideId "390070"]
[BlackFideId "374300"]
[WhiteElo "1762"]
[BlackElo "2089"]

1. e4 c5 2. Nf3 Nc6 3. Nc3 e6 4. d4 cxd4 5. Nxd4 Qc7 6. Ndb5 Qb8 7. f4 a6 8. Nd4 d6 9. Be3 Nf6 10.
g4 Nxd4 11. g5 Nc6 12. gxf6 gxf6 13. Bb6 Be7 14. Qg4 Rf8 15. O-O-O Bd7 16. Qh3 Na7 17. f5 Nb5 18. Bc4 Nxc3 19. bxc3 Qc8 20. Bb3 a5 21.
a4 Qc6 22. Qe3 Ra6 23. Ba7 b5 24. Bd5 exd5 1/2-1/2

[Event "MČR juniorů a juniorek v rapid šachu 2023"]
[Site "Czech Republic"]
[Date "2023.09.23"]
[Round "2.3"]
[White "Prazak, Daniel"]
[Black "Rybackova, Lucie"]
[Result "1-0"]
[TimeControl "20 min + 5 sec per move"]
[WhiteFideId "23709456"]
[BlackFideId "23739207"]
[WhiteElo "2029"]
[BlackElo "1768"]

1. c4 c5 2. g3 Nc6 3. Bg2 g6 4. Nc3 Bg7 5. Nf3 Nf6 6. O-O O-O 7. d3 d5 8. cxd5 Nxd5 9. Bd2 h6 10.
Rc1 Be6 11. a3 Nd4 12. Nxd4 cxd4 13. Nxd5 Bxd5 14. Bxd5 Qxd5 15. Bb4 Qd7 16. Qb3 Rfc8 17. a4 Bf6 18. Ba3 Rc6 19. Rc4 Rxc4 20. dxc4 Rc8 21. c5 e5 22.
Rd1 e4 23. Qb4 Qc6 24. b3 Rd8 25. Qc4 Qd5 26. Qxd5 Rxd5 27. b4 d3 28. exd3 exd3 29. b5 Be7 30. c6 Bxa3 31. cxb7 Bd6 32. Kg2 Kf8 33. Kf3 Bb8 34. a5 Rxb5 35. a6 Rd5 36.
Ke4 Rd6 37. f4 Rxa6 38. Rxd3 Rb6 39. Rd8+ Ke7 40. Rxb8 a5 41. Kd4 a4 42. Kc5 Rb1 43.
Kc6 Rc1+ 44. Kb5 Rb1+ 45. Kxa4 Kd7 46. Ka5 Kc7 47. Rf8 Kxb7 48. Rxf7+ Kc8 49. Rf6 Rb2 50. h4 Ra2+ 51. Kb4 Rb2+ 52. Kc3 Rb7 53.
Rxg6 Rh7 54. Kd4 Kd7 55. Ke5 Ke7 56. Ra6 1-0

[Event "MČR juniorů a juniorek v rapid šachu 2023"]
[Site "Czech Republic"]
[Date "2023.09.23"]
[Round "2.4"]
[White "Rybacek, Martin"]
[Black "Ocelak, Jakub"]
[Result "0-1"]
[TimeControl "20 min + 5 sec per move"]
[WhiteFideId "23739266"]
[BlackFideId "23707933"]
[WhiteElo "1755"]
[BlackElo "2025"]

1. d4 g6 2. Nf3 Bg7 3. g3 d6 4. Bg2 Nd7 5. O-O e5 6. dxe5 dxe5 7. e4 Ngf6 8. Nc3 c6 9. Bg5 h6 10.
Be3 O-O 11. Qe2 Qe7 12. h3 Qb4 13. Rab1 b6 14. a3 Qe7 15. Rbd1 Bb7 16. Nd2 Rfd8 17. Nb3 Nf8 18. a4 Ne6 19. a5 Nd7 20. Rd2 Ndc5 21. Nxc5 Nxc5 22.
Rfd1 Qc7 23. Bxc5 bxc5 24. a6 Rxd2 25. Rxd2 Bc8 26. Qd3 Be6 27. Na4 Qa5 28. b3 c4 29. Qd6 Bf8 30. Qxc6 Rc8 31.
Qb7 Qxd2 0-1

[Event "MČR juniorů a juniorek v rapid šachu 2023"]
[Site "Czech Republic"]
[Date "2023.09.23"]
[Round "2.5"]
[White "Hlavina, Matous"]
[Black "Husa, Daniel"]
[Result "1-0"]
[TimeControl "20 min + 5 sec per move"]
[WhiteFideId "386650"]
[BlackFideId "393487"]
[WhiteElo "2005"]
[BlackElo "1760"]

1. b3 c5 2. Bb2 Nc6 3. e3 Nf6 4. Nf3 e6 5. d4 d5 6. Bd3 Be7 7. O-O O-O 8. dxc5 Bxc5 9. Nbd2 b6 10.
a3 a5 11. Ng5 d4 12. Qf3 Bb7 13. Rad1 Qc7 14. Nde4 Nxe4 15. Qxe4 g6 16. Qh4 h5 17. exd4 Be7 18. d5 exd5 19.
Qxh5 gxh5 20. Bh7# 1-0

[Event "MČR juniorů a juniorek v rapid šachu 2023"]
[Site "Czech Republic"]
[Date "2023.09.23"]
[Round "2.6"]
[White "Strnadova, Monika"]
[Black "Dolensky, Filip"]
[Result "0-1"]
[TimeControl "20 min + 5 sec per move"]
[WhiteFideId "23701668"]
[BlackFideId "399000"]
[WhiteElo "1728"]
[BlackElo "1942"]

1. d4 Nf6 2. Bf4 d6 3. e3 g6 4. Nf3 Bg7 5. Be2 O-O 6. Nbd2 Nfd7 7. O-O Nc6 8. c4 e5 9. d5 Ne7 10.
Bg3 f5 11. Nb3 b6 12. Qc2 h6 13. h3 Nf6 14. Bh2 g5 15. Nfd2 f4 16. exf4 gxf4 17. Bd3 a5 18. Nf3 Qe8 19.
Rfe1 Qf7 20. Nbd2 Bd7 21. Nh4 Ne8 22. Ndf3 Nf5 23. Nxf5 Bxf5 24. Nh4 Bxd3 25. Qxd3 Nf6 26. Qg6 Qxg6 27.
Nxg6 Rf7 28. g3 fxg3 29. Bxg3 Kh7 30. Nh4 Nh5 31. Kg2 Raf8 32. Re2 Nf4+ 33. Bxf4 Rxf4 34. Kg3 Rxc4 35. Ng2 Bf6 36. Ne3 Bh4+ 37. Kg2 Rcf4 38. Rf1 h5 39. Rc2 R8f7 40. Kg1 Bg5 41.
Kg2 R4f6 42. Nd1 Bf4 43. Nc3 Rg6+ 44. Kh1 Rfg7 45. Ne2 Bh6 46. Ng3 Rf7 47. Nxh5 Rg5 48. Ng3 Rxg3 0-1

[Event "MČR juniorů a juniorek v rapid šachu 2023"]
[Site "Czech Republic"]
[Date "2023.09.23"]
[Round "2.7"]
[White "Novotny, Dominik"]
[Black "Hurtik, Matej"]
[Result "1-0"]
[TimeControl "20 min + 5 sec per move"]
[WhiteFideId "23755601"]
[BlackFideId "397997"]
[WhiteElo "1707"]
[BlackElo "1930"]

1. e4 d5 2. exd5 Qxd5 3. Nc3 Qa5 4. Bc4 Nf6 5. d3 Bg4 6.
f3 Bf5 7. Bd2 c6 8. Qe2 Nbd7 9. g4 Bg6 10. f4 h6 11. f5 Bh7 12. Nb5 Qxb5 13. Bxb5 cxb5 14. h3 O-O-O 15. O-O-O Nd5 16. Nf3 Bg8 17. Ne5 N7b6 18. Ba5 Re8 19. Bxb6 Nxb6 20. d4 a6 21. d5 Rd8 22.
Qe3 Rd6 23. Rd3 Kb8 24. Rhd1 g6 25. Nc6+ Kc7 26. Nxe7 Nc4 27. Qc5+ Kd7 28. Qc8+ Kxe7 29. Re1+ Kf6 30. Qxf8 gxf5 31.
Qe7+ Kg7 32. gxf5 1-0

[Event "MČR juniorů a juniorek v rapid šachu 2023"]
[Site "Czech Republic"]
[Date "2023.09.23"]
[Round "2.8"]
[White "Cibulka, Josef"]
[Black "Stastna, Martina"]
[Result "1-0"]
[TimeControl "20 min + 5 sec per move"]
[WhiteFideId "23708042"]
[BlackFideId "385123"]
[WhiteElo "1922"]
[BlackElo "1725"]

1. e4 e5 2. Nf3 Nc6 3. Nc3 Nf6 4. Bb5 Bb4 5. O-O d6 6. d4 O-O 7. Bxc6 bxc6 8. dxe5 Bxc3 9. bxc3 Nxe4 10.
Qd4 d5 11. c4 Ba6 12. Re1 Bxc4 13. Ba3 Re8 14. Nd2 Nxd2 15. Qxd2 Re6 16. f4 f6 17. Bb2 fxe5 18. Bxe5 c5 19.
Qa5 Rc6 20. Re3 Qd7 21. Rg3 g6 22. h4 Re8 23. Qxa7 d4 24. Qa4 Bd5 25. h5 Ree6 26. hxg6 Rxg6 27. Rxg6+ hxg6 28. Qa8+ Kf7 29.
Qh8 Qg4 30. Qh3 Qe2 31. Qd7+ 1-0

[Event "MČR juniorů a juniorek v rapid šachu 2023"]
[Site "Czech Republic"]
[Date "2023.09.23"]
[Round "2.9"]
[White "Hosova, Sandra"]
[Black "Vilimek, Vit"]
[Result "1-0"]
[TimeControl "20 min + 5 sec per move"]
[WhiteFideId "397717"]
[BlackFideId "23718218"]
[WhiteElo "1682"]
[BlackElo "1898"]

1. d4 Nf6 2. Bf4 d6 3. Nc3 g6 4. e4 Bg7 5. f3 Nbd7 6. Qd2 e5 7. dxe5 dxe5 8. Bh6 O-O 9. O-O-O Qe7 10. h4 Nc5 11. h5 Ne6 12.
Bxg7 Kxg7 13. hxg6 fxg6 14. Nd5 Nxd5 15.
exd5 Nf4 16. g3 Nh5 17. g4 Nf4 18. Nh3 Qf6 19. Qc3 Nxh3 20. Rxh3 e4 21. Qxc7+ Rf7 22. Qh2 Qf4+ 23. Qxf4 Rxf4 24. Be2 exf3 25. Rxf3 Re4 26.
Rf2 Bxg4 27. Bxg4 Rxg4 28. d6 Rd8 29. d7 Re4 30.
Rf3 h5 31. Rc3 Re7 32. Rc7 b6 33.
Rxa7 g5 34. a4 Kg6 35. a5 bxa5 36. c4 h4 37. c5 Re6 38. Rc7 Kf7 39. Rc8 Ke7 40. c6 h3 41. Rg1 h2 42. Rh1 Rh6 43. Kd2 g4 44. Ke2 g3 45. Kf3 Rg6 46. Kg2 Rgg8 47.
Re1+ Kd6 48. Re8 Rgxe8 49.
dxe8=Q Rxe8 50. Rxe8 Kxc6 51. Rg8 Kb5 52. Rxg3 Kb4 53. Kxh2 1-0

[Event "MČR juniorů a juniorek v rapid šachu 2023"]
[Site "Czech Republic"]
[Date "2023.09.23"]
[Round "2.10"]
[White "Steinbauer, Sebastian"]
[Black "Zadrapa, Jakub"]
[Result "1-0"]
[TimeControl "20 min + 5 sec per move"]
[WhiteFideId "399272"]
[BlackFideId "23714778"]
[WhiteElo "1880"]
[BlackElo "1696"]

1. e4 e5 2. Nf3 Nc6 3. Bc4 Nf6 4. Ng5 d5 5. exd5 Na5 6. Bb5+ c6 7. dxc6 bxc6 8. Be2 h6 9. Nf3 e4 10. Ne5 Bd6 11. d4 exd3 12. Nxd3 O-O 13. Bf4 Re8 14. Nc3 Ba6 15. Bxd6 Qxd6 16. O-O Rad8 17. h3 c5 18. Qc1 Nc6 19.
Nf4 Nd4 20. Bxa6 Qxa6 21. Re1 Rxe1+ 22. Qxe1 Nxc2 23. Qf1 Qxf1+ 24. Rxf1 Rd2 25. Rd1 Rxd1+ 26. Nxd1 Ne4 27. Nd3 f6 28. Kf1 Kf7 29. f3 c4 30. Nf4 Nc5 31. Ke2 g5 32. Nd5 Ke6 33.
N5e3 Nd4+ 34. Kd2 Na4 35.
Nxc4 Kd5 36. Nde3+ Kc5 37. b3 Nb6 38. Nxb6 axb6 39. Ng4 f5 40. Nxh6 Kd5 41. Nf7 Ne6 42.
g3 g4 43. fxg4 fxg4 44. hxg4 Nc5 45. Ke3 Ke6 46. Ng5+ Ke5 47. Nf3+ Kf6 48. g5+ Kf5 49. b4 Na6 50. g4+ Kg6 51.
a3 Nc7 52. Ke4 Nb5 53. Kd5 Nxa3 54.
Kc6 b5 55. Kc5 Kf7 56. Ne5+ Ke6 57. g6 Kf6 58. g5+ Kg7 59. Kc6 Nc4 60. Nf3 Kxg6 61.
Kxb5 Nd6+ 62. Kc6 Nc8 63. b5 Kf5 64. b6 Ne7+ 65. Kd6 Nc8+ 66. Kc7 Nxb6 67. Kxb6 1-0

[Event "MČR juniorů a juniorek v rapid šachu 2023"]
[Site "Czech Republic"]
[Date "2023.09.23"]
[Round "2.11"]
[White "Zadrapova, Amalie"]
[Black "Merinsky, Vaclav"]
[Result "1-0"]
[TimeControl "20 min + 5 sec per move"]
[WhiteFideId "23710276"]
[BlackFideId "390062"]
[WhiteElo "1590"]
[BlackElo "1869"]

1. e4 e5 2. Nf3 Nc6 3. Bb5 a6 4.
Ba4 Bd6 5. O-O Nf6 6. Re1 O-O 7. c3 b5 8. Bc2 Bb7 9. d3 Ne7 10. Nbd2 Ng6 11. Nf1 c5 12. Ng3 Re8 13. Nf5 Bc7 14.
h3 d5 15. exd5 Qxd5 16. Ng3 Rad8 17. Bg5 Nf4 18. Bxf4 exf4 19. Nf1 Qh5 20. N1h2 Qd5 21. Rxe8+ Rxe8 22. d4 Bb6 23. dxc5 Qxc5 24.
Qd4 Qc6 25. Qd2 Ne4 26. Bxe4 Qxe4 27. Re1 Be3 28. fxe3 fxe3 29. Qe2 f5 30. Rd1 f4 31. Ng4 h5 32.
Ngh2 Rc8 33. Rd4 Qb1+ 34. Rd1 Qf5 35. Nd4 Qg6 36. Nhf3 Ba8 37. Rf1 Rf8 38. Ne5 Qf6 39. Nd3 Qd6 40.
Ne1 b4 41. Nef3 bxc3 42. bxc3 Be4 43. Ng5 Bd5 44. Qxh5 Rf6 45. Qe2 Rg6 46. Ngf3 Qd8 47. Rb1 Qa5 48. Rb8+ Kh7 49. Qe1 Qxa2 50.
Qh4+ Rh6 51. Ng5+ Kg6 52. Rb6+ Be6 53. Rxe6+ Qxe6 1-0

[Event "MČR juniorů a juniorek v rapid šachu 2023"]
[Site "Czech Republic"]
[Date "2023.09.23"]
[Round "2.12"]
[White "Pressler, Tobias"]
[Black "Pejrimovsky, Tadeas Rubel"]
[Result "1-0"]
[TimeControl "20 min + 5 sec per move"]
[WhiteFideId "23715359"]
[BlackFideId "23709537"]
[WhiteElo "1859"]
[BlackElo "1679"]

1. e4 c5 2. Nc3 e6 3. d4 cxd4 4. Qxd4 Nc6 5. Qd3 a6 6. Bf4 Nf6 7. Be2 Be7 8. O-O-O O-O 9. h4 b5 10.
e5 Nb4 11. Qg3 Ne8 12. Bf3 Rb8 13. a3 Nc6 14. Bxc6 Qc7 15. Be4 b4 16. axb4 Bxb4 17. Nge2 Qa5 18. Qd3 Nc7 19. Bxh7+ Kh8 20. Be4 Nb5 21. Nb1 Qa1 22.
Qf3 g6 23. h5 Kg7 24. hxg6 fxg6 25. Bh6+ Kg8 26. Bxf8 Na3 27. Rh8+ Kxh8 28. Qf6+ Kh7 29. Qg7# 1-0

[Event "MČR juniorů a juniorek v rapid šachu 2023"]
[Site "Czech Republic"]
[Date "2023.09.23"]
[Round "2.13"]
[White "Martinkovic, Adam"]
[Black "Pejrimovska, Viola Ruby"]
[Result "1/2-1/2"]
[TimeControl "20 min + 5 sec per move"]
[WhiteFideId "23728019"]
[BlackFideId "23709529"]
[WhiteElo "1807"]
[BlackElo "1581"]

1. c4 Nf6 2. Nc3 g6 3. g3 Bg7 4. Bg2 O-O 5.
e3 d6 6. Nge2 e5 7. d4 Nfd7 8.
d5 f5 9.
e4 Nf6 10. O-O Na6 11. f3 h6 12. a3 Nh7 13.
Be3 Rf7 14. Qd2 g5 15. exf5 Bxf5 16. Ne4 Nf8 17. b4 b6 18. Rac1 Nd7 19. N2c3 Bf8 20. Rf2 Rg7 21. Bf1 Nab8 22.
Bd3 Bh7 23. Kf1 a5 24. b5 Be7 25. Ke2 Nf8 26. Rg1 Ng6 27. Kd1 Nd7 28. Kc1 Nc5 29. Nxc5 dxc5 30. Ne4 Qd7 31. a4 Rf8 32.
Qe2 Rgf7 33. Rgf1 Kg7 34. Bd2 Bd6 35. Bc3 Kg8 36. Kb2 Ne7 37. h4 gxh4 38. gxh4 Nf5 39. Rg1+ Kh8 40. Rh2 Nd4 41. Bxd4 exd4 42. Rf2 Bf4 43.
Rg4 Be3 44. Rf1 h5 45. Rg5 Bxg5 46. Nxg5 Bxd3 47. Nxf7+ Qxf7 48. Qxd3 Qf5 49. Qxf5 Rxf5 50. f4 Kh7 51. Kc2 Kg6 52.
Kd3 Rf7 53. Rg1+ Kf5 54. Rg5+ Kxf4 55. Rxh5 Kg4 56. Rh8 Re7 57. Kd2 Kf5 58. h5 Kg5 59. h6 Kg6 60. Kd3 Re3+ 61. Kd2 Re7 62. Kd3 Re3+ 63. Kd2 1/2-1/2

[Event "MČR juniorů a juniorek v rapid šachu 2023"]
[Site "Czech Republic"]
[Date "2023.09.23"]
[Round "2.14"]
[White "Boff, Ondrej"]
[Black "Garabik, Marek"]
[Result "0-1"]
[TimeControl "20 min + 5 sec per move"]
[WhiteFideId "23733950"]
[BlackFideId "23717742"]
[WhiteElo "1486"]
[BlackElo "1787"]

1. e4 e6 2. d4 d5 3. Bd3 c5 4. c3 Nc6 5. Ne2 cxd4 6. cxd4 dxe4 7. Bxe4 Nf6 8. Bf3 Bb4+ 9. Bd2 Bxd2+ 10. Qxd2 O-O 11. O-O Ne7 12.
Nbc3 Ned5 13. Nc1 b6 14. Nd3 Ba6 15. Rfd1 Rc8 16. Ne5 Bb7 17. Rac1 Ba8 18. h3 Nxc3 19. bxc3 Bxf3 20. Nxf3 Qc7 21.
Qd3 Qc4 22. Qxc4 Rxc4 23. Ne5 Ra4 24. Rd2 Rc8 25. Kf1 Ne4 26. Rdc2 f6 27. Nd3 Rac4 28. f3 Nxc3 29. Nb2 R4c7 30.
Nd1 Nb5 31. Rxc7 Rxc7 32. Rxc7 Nxc7 33. Ke2 Kf7 34. Kd3 Ke7 35.
Kc4 Kd6 36. Nc3 a6 37. f4 b5+ 38.
Kb4 Nd5+ 39. Kb3 Nxf4 40. a4 bxa4+ 41. Kxa4 Nxg2 42. Kb4 Nf4 43. h4 Nd5+ 0-1

[Event "MČR juniorů a juniorek v rapid šachu 2023"]
[Site "Czech Republic"]
[Date "2023.09.23"]
[Round "2.15"]
[White "Rucabado, Stefan"]
[Black "Dobsa, Emma"]
[Result "0-1"]
[TimeControl "20 min + 5 sec per move"]
[WhiteFideId "23730315"]
[BlackFideId "23709391"]
[WhiteElo "1782"]
[BlackElo "1480"]

1. e4 e5 2. Nf3 Nc6 3.
Bc4 Bc5 4. c3 Nf6 5. d3 O-O 6. O-O d5 7. exd5 Nxd5 8. Re1 Bg4 9. h3 Bh5 10. Nbd2 Nb6 11. Bb5 Bd6 12. Ne4 Re8 13. Ng3 Bg6 14.
Ne4 f5 15. Nxd6 cxd6 16. Bg5 Qd7 17. d4 e4 18. Nd2 d5 19. Nb3 Qf7 20. Nc5 Bh5 21. Qc1 a6 22. Be2 h6 23. Bf4 Bxe2 24.
Rxe2 Qh5 25. Qe1 g5 26. Bh2 Re7 27.
f4 gxf4 28. Bxf4 Kh7 29. Qf2 Rg8 30. Kh2 Nd8 31. Rf1 Rf7 32. b3 Nc8 33. c4 Nb6 34. Rc1 Rfg7 35. Rg1 dxc4 36. Be5 Rf7 37. Rb1 c3 38. Bf4 Nd5 39.
Rc1 Rfg7 40. g3 Nxf4 41. gxf4 Rg3 42. Qf1 Rxh3+ 43. Qxh3 Qxe2+ 44. Kh1 Qf3+ 45. Qxf3 exf3 46. Rf1 Nc6 47. Rxf3 c2 48. Rc3 Nxd4 49. Nxb7 Re8 50. Kg2 Re2+ 51. Kf1 Rd2 52. Rc7+ Kg6 0-1

[Event "MČR juniorů a juniorek v rapid šachu 2023"]
[Site "Czech Republic"]
[Date "2023.09.23"]
[Round "2.17"]
[White "Bezdek, Tomas"]
[Black "Simunek, Jakub Simon"]
[Result "1/2-1/2"]
[TimeControl "20 min + 5 sec per move"]
[WhiteFideId "23733551"]
[BlackFideId "23709464"]
[WhiteElo "1933"]
[BlackElo "1843"]

1. e4 e6 2. d4 d5 3. e5 c5 4.
c3 Nc6 5. Nf3 Bd7 6. Bd3 cxd4 7. O-O dxc3 8. Nxc3 Nge7 9. Bg5 a6 10. Qe2 h6 11. Be3 d4 12. Bxd4 Nxd4 13.
Nxd4 Nc6 14. Nf3 Be7 15. Rfd1 Qb6 16. Rd2 Nb4 17. Be4 Bc6 18. Rad1 Bxe4 19. Qxe4 O-O 20. Qg4 Rfd8 21. Rxd8+ Rxd8 22. Rxd8+ Qxd8 23. Qd4 Qc7 24.
a3 Nd5 25. a4 Qc6 26. h3 Bc5 27. Qd3 Nf4 28. Qc2 Qb6 29. Kf1 Nd5 30. Nxd5 exd5 31. Ne1 Bd4 32.
Nd3 Qa5 33. Qc8+ Kh7 34. Qf5+ Kg8 35. Qc8+ Kh7 1/2-1/2

[Event "MČR juniorů a juniorek v rapid šachu 2023"]
[Site "Czech Republic"]
[Date "2023.09.23"]
[Round "2.19"]
[White "Dudkova, Josefina"]
[Black "Stejskal, Michal"]
[Result "0-1"]
[TimeControl "20 min + 5 sec per move"]
[WhiteFideId "23712350"]
[BlackFideId "398195"]
[WhiteElo "1437"]
[BlackElo "1959"]

1. d4 Nf6 2. Bf4 d5 3. Nf3 c5 4. e3 Nc6 5. c3 Qb6 6. Qc1 Bf5 7. Nbd2 Rc8 8. dxc5 Qxc5 9. Nb3 Qb6 10.
Nbd4 Bg6 11. Qd2 Ne4 12. Qc1 e6 13. Nxc6 bxc6 14. Be2 Be7 15. O-O O-O 16. Ne5 Rfd8 17. b3 c5 18. Rd1 Bf6 19.
f3 Nd6 20. Qa3 c4 21. Nxg6 hxg6 22. Bxd6 Rxd6 23. bxc4 Qxe3+ 24. Kf1 Rdc6 25. Rd3 Qb6 26. Rd2 dxc4 27. Rad1 Qe3 28. Rd7 R8c7 29.
Rd8+ Bxd8 30. Rxd8+ Kh7 31. Qf8 g5 32. g4 Rb6 33. Qh8+ Kg6 34. Rg8 Rb1+ 35. Kg2 Qxe2+ 36. Kg3 Rg1+ 0-1

[Event "MČR juniorů a juniorek v rapid šachu 2023"]
[Site "Czech Republic"]
[Date "2023.09.23"]
[Round "2.20"]
[White "Tegda, Vojtech"]
[Black "Jun, Robert"]
[Result "1/2-1/2"]
[TimeControl "20 min + 5 sec per move"]
[WhiteFideId "23723424"]
[BlackFideId "23709510"]
[WhiteElo "1959"]
[BlackElo "1340"]

1. e4 c5 2. c4 e6 3. Ne2 Nf6 4. Nbc3 d5 5. exd5 exd5 6.
cxd5 Nxd5 7. d4 Nxc3 8. bxc3 Nc6 9.
Ba3 cxd4 10. Bxf8 Rxf8 11. Nxd4 Nxd4 12. Qxd4 Qxd4 13. cxd4 Bf5 14. Rc1 Kd7 15. Bb5+ Kd6 16. O-O Rac8 17. Rcd1 Rc2 18. a4 a6 19.
Bd3 Bxd3 20. Rxd3 Ra2 21. Rb3 Rxa4 22. Rxb7 Rxd4 23. Rb6+ Ke5 24. Rxa6 Rfd8 25. Re1+ Re4 26. Ra5+ Rd5 27.
f4+ Kf6 28. Ra6+ Re6 29. Rexe6+ fxe6 30. Kf2 Rd3 31. g4 g6 32. Ra7 h5 33. g5+ Kf5 34. Rf7+ Kg4 35. Rf6 Rd2+ 36. Kg1 Kf3 37. h4 Rd1+ 38.
Kh2 Rd2+ 39. Kg1 Rd1+ 40. Kh2 Rd2+ 41. Kg1 1/2-1/2

[Event "MČR juniorů a juniorek v rapid šachu 2023"]
[Site "Czech Republic"]
[Date "2023.09.23"]
[Round "2.21"]
[White "Nikolinko, Tomas"]
[Black "Slaby, Matej"]
[Result "0-1"]
[TimeControl "20 min + 5 sec per move"]
[WhiteFideId "389749"]
[BlackFideId "23734876"]
[WhiteElo "1327"]
[BlackElo "1922"]

1. e4 d5 2. exd5 Qxd5 3. Nc3 Qd6 4. Nf3 Nf6 5. Nb5 Qd8 6.
d4 a6 7.
Nc3 Bg4 8. Be3 e6 9. h3 Bh5 10.
g4 Bg6 11. Ne5 Be7 12. Nxg6 hxg6 13. Bg2 c6 14. Qd2 Nbd7 15. O-O-O Nd5 16. Nxd5 cxd5 17. Rhe1 Rc8 18. c3 b5 19.
Kb1 O-O 20. g5 Qa5 21. Rc1 b4 22. Qc2 bxc3 23. bxc3 Ba3 24. Bf1 Rb8+ 25. Ka1 Bb2+ 26. Qxb2 Rxb2 27. Kxb2 Rb8+ 28. Ka1 Rc8 29. Bd2 Nb6 0-1